 Dungeon Crawl Stone Soup version 0.24.0-13-gcf9b3192b9 (webtiles) character file.

Game seed: 10572240001636978081, levelgen mode: deterministic

11513 losten the Cruncher (level 11, -7/127 HPs)
             Began as a Demonspawn Berserker on Nov 9, 2019.
             Was a Priest of Trog.
             Mangled by an ice devil (17 damage)
             ... in an ice cave.
             The game lasted 00:37:11 (9467 turns).

losten the Cruncher (Demonspawn Berserker)          Turns: 9467, Time: 00:37:12

Health: -7/127     AC: 15    Str: 26    XL:     11   Next: 50%
Magic:  0/12       EV: 13    Int:  8    God:    Trog [***...]
Gold:   410        SH:  3    Dex: 13    Spells: 10/10 levels left

rFire    . . .     SeeInvis .   L - +5 mace
rCold    . . .     Gourm    .   I - +0 buckler
rNeg     . . .     Faith    .   o - +0 chain mail
rPois    +         Spirit   +   (helmet restricted)
rElec    .         Reflect  .   k - +2 cloak {rPois}
rCorr    .         Harm     .   t - +0 pair of gloves
MR       ++...                  (no boots)
Stlth    ..........             H - amulet of regeneration
HPRegen  1.71/turn              (no ring)
MPRegen  0.26/turn              (no ring)

@: berserking (expiring), regenerating, hasted, very quick
A: horns 1, repulsion field 2, demonic guardian 1, magic shield, magic
regeneration
a: Berserk, Trog's Hand, Renounce Religion


You were in an ice cave.
You worshipped Trog.
Trog was most pleased with you.
You were very hungry.

You visited 2 branches of the dungeon, and saw 12 of its levels.
You also visited: Ice Cave.

You collected 410 gold pieces.

Inventory:

Hand Weapons
 a - a +2 great sword of freezing
 h - a +2 dagger of flaming
 j - a +3 quarterstaff of chaos
 l - a +2 spear of venom
 L - a +5 mace (weapon)
 M - a +3 morningstar
Missiles
 n - 37 poisoned darts (quivered)
 B - 12 javelins
 G - 2 curare-tipped darts
Armour
 k - a +2 cloak of poison resistance (worn)
 o - a +0 chain mail (worn)
 t - a +0 pair of gloves (worn)
 I - a +0 buckler (worn)
Jewellery
 H - an amulet of regeneration (around neck)
Wands
 b - a wand of polymorph (7)
 u - a wand of enslavement (3)
 y - a wand of random effects (16)
 D - a wand of disintegration (9)
Scrolls
 f - 5 scrolls of teleportation
 s - 4 scrolls of remove curse
 x - 2 scrolls of magic mapping
Potions
 d - a potion of might
 e - a potion of curing
 i - 3 potions of cancellation
 p - a potion of lignification
 q - a potion of agility
 v - a potion of magic
 A - 2 potions of heal wounds
 F - 2 potions of berserk rage
Comestibles
 c - 10 rations


   Skills:
 + Level 7.7 Fighting
 + Level 1.4(2.9) Short Blades
 + Level 3.8(4.0) Long Blades
 + Level 1.8(6.4) Maces & Flails
 + Level 5.6(8.4) Polearms
 + Level 9.7(10.4) Staves
 + Level 2.7 Throwing
 + Level 7.4 Armour
 + Level 5.0 Dodging
 + Level 3.5 Stealth
 + Level 0.1 Shields
 + Level 1.5 Evocations


You had 10 spell levels left.
You didn't know any spells.
Your spell library contained the following spells:

 Spells                   Type           Power        Failure   Level  Hunger
 Animate Skeleton         Necr           N/A          98%         1    ##.....
 Apportation              Tloc           #.....       98%         1    ##.....
 Beastly Appendage        Tmut           #.....       98%         1    ##.....
 Confusing Touch          Hex            #.....       98%         1    ##.....
 Shock                    Conj/Air       #...         98%         1    ##.....
 Summon Small Mammal      Summ           #...         98%         1    ##.....
 Sticks to Snakes         Tmut           #.......     99%         2    ###....
 Swiftness                Chrm/Air       #.......     99%         2    ###....
 Spider Form              Tmut/Pois      #.........   100%        3    ####...
 Static Discharge         Conj/Air       #.......     100%        3    ####...
 Airstrike                Air            #.........   100%        4    #####..
 Ice Form                 Ice/Tmut       #.......     100%        4    #####..
 Blade Hands              Tmut           #.........   100%        5    ######.
 Lightning Bolt           Conj/Air       #.........   100%        5    ######.


Dungeon Overview and Level Annotations

Branches:
Dungeon (11/15)            Temple (1/1) D:5            Lair (0/6) D:9
  IceCv (1/1)
    Orc: D:9-12

Altars:
Ashenzari
Gozag
Makhleb
Okawaru
Yredelemnul
The Shining One

Shops:
D:7 (


Innate Abilities, Weirdness & Mutations

You have a pair of small horns on your head.
You are surrounded by a moderate repulsion field. (EV +3)
A weak demonic guardian rushes to your aid.
When hurt, damage is shared between your health and your magic reserves.
You regenerate magic rapidly.


Message History

You sock the ice devil! You headbutt the ice devil!
The ice devil is almost dead.
You hit the ice devil.
You kill the ice devil!
Trog accepts your kill.
Your Evocations skill increases to level 1!
The ice devil hits you. The ice devil freezes you!
* * * LOW HITPOINT WARNING * * *
You sock the ice devil!
The ice devil is lightly wounded.
The ice devil barely misses you. The ice devil hits you!
* * * LOW HITPOINT WARNING * * *
The ice devil freezes you!
* * * LOW HITPOINT WARNING * * *
You sock the ice devil!
The ice devil is heavily wounded.
The ice devil hits you!
* * * LOW HITPOINT WARNING * * *
The ice devil freezes you!!
You die...

#..## #.°####§☼≈..☼ ##..#
##...§§§.4. ##..#### .....§☼§.#
#.?..#.### #§......##
.........### ######...###
...........#### ###...##
..............###########.4.##
.........#.........##..)##4..##
........###.#...@........###..#
.......## ######44##.....##...#
...##### #...##....####.(##
#### #...###.###...###
##..§.###....## ##.○......###
###..(.### ######


You could see 2 ice devils.

Vanquished Creatures
  Fannar (D:11)
  A two-headed ogre (D:10)
  The ghost of dvd2 the Sneak, a novice DgEn (D:9)
  Pikel (D:5)
  An ugly thing (D:6)
  2 gargoyles (D:10)
  An ice statue (IceCv)
  2 kobold demonologists (D:9)
  3 ice devils (IceCv)
  A troll (D:10)
  A hornet (D:10)
  A hippogriff (D:10)
  A water elemental (D:11)
  10 yaks
  2 hungry ghosts (D:10)
  2 wargs (D:9)
  2 ice beasts (D:10)
  2 sky beasts
  A black bear (D:6)
  3 orc warriors (D:9)
  A slave (D:5)
  A phantom (D:8)
  2 centaurs
  3 ogres
  5 big kobolds
  7 bullfrogs
  A gnoll sergeant (D:10)
  A water moccasin skeleton (D:6)
  2 scorpions
  4 killer bees (D:4)
  5 wights (D:11)
  An electric eel (D:11)
  2 howler monkeys (D:11)
  5 crimson imps
  A centaur zombie (D:7)
  A quasit (D:6)
  A bullfrog skeleton (D:4)
  A centaur skeleton (D:5)
  4 hounds
  A bullfrog zombie (D:10)
  4 orc priests
  Crazy Yiuf (D:5)
  4 jellies
  2 iguanas
  5 worker ants
  5 orc wizards
  A hound skeleton (D:9)
  11 gnolls
  3 adders
  2 shadow imps
  6 white imps (IceCv)
  4 ufetubi (IceCv)
  2 adder zombies
  4 adder skeletons
  3 dart slugs
  7 leopard geckos
  24 orcs
  3 giant cockroaches
  4 goblins (D:3)
  9 hobgoblins
  8 jackals
  5 quokkas
  A ball python (D:4)
  4 bats
  4 frilled lizards
  A jackal skeleton (D:7)
  15 kobolds
  4 rats (D:3)
234 creatures vanquished.

Vanquished Creatures (collateral kills)
  An ice statue (IceCv)
  3 big kobolds (D:9)
  An orc wizard (D:9)
  4 white imps (IceCv)
  An orc (D:9)
10 creatures vanquished.

Vanquished Creatures (others)
  A phantom (D:5)
  3 white imps (IceCv)
  An ufetubus (IceCv)
5 creatures vanquished.

Grand Total: 249 creatures vanquished

Notes
Turn   | Place    | Note
-------+----------+-------------------------------------------
     0 | D:1      | losten the Demonspawn Berserker began the quest for the
                  | Orb.
     0 | D:1      | Reached XP level 1. HP: 18/18 MP: 1/1
   412 | D:1      | Gained mutation: You are surrounded by a mild repulsion
                  | field. (EV +2) [demonic ancestry]
   412 | D:1      | Reached XP level 2. HP: 24/24 MP: 2/2
   925 | D:2      | You fall into a shaft and drop 1 floor!
  1025 | D:3      | Reached XP level 3. HP: 29/29 MP: 3/3
  1250 | D:3      | Reached ** piety under Trog
  1333 | D:3      | Gained mutation: You are surrounded by a moderate repulsion
                  | field. (EV +3) [demonic ancestry]
  1333 | D:3      | Reached XP level 4. HP: 34/35 MP: 4/4
  1531 | D:3      | You fall into a shaft and drop 2 floors!
  1531 | D:5      | Entered Level 5 of the Dungeon
  1544 | D:5      | Reached skill level 1 in Polearms
  1657 | D:5      | Reached XP level 5. HP: 37/42 MP: 5/5
  1839 | D:5      | Noticed a slave
  1840 | D:5      | Noticed Pikel
  1841 | D:5      | Noticed a slave
  1842 | D:5      | Noticed a slave
  1845 | D:5      | Noticed a slave
  1851 | D:5      | Killed Pikel
  1851 | D:5      | Reached skill level 1 in Short Blades
  1851 | D:5      | Gained mutation: When hurt, damage is shared between your
                  | health and your magic reserves. [demonic ancestry]
  1851 | D:5      | Reached XP level 6. HP: 42/49 MP: 6/6
  1851 | D:5      | Reached XP level 7. HP: 48/55 MP: 7/7
  2402 | D:4      | Reached *** piety under Trog
  2474 | D:4      | Found a burning altar of Makhleb.
  3226 | D:5      | Found a staircase to the Ecumenical Temple.
  3248 | Temple   | Entered the Ecumenical Temple
  3405 | D:5      | Found a runed translucent door.
  3406 | D:5      | Noticed Crazy Yiuf
  3412 | D:5      | Paralysed by Crazy Yiuf for 6 turns
  3424 | D:5      | Killed Crazy Yiuf
  3779 | D:6      | Reached skill level 5 in Polearms
  3779 | D:6      | Gained mutation: You have a pair of small horns on your
                  | head. [demonic ancestry]
  3779 | D:6      | Reached XP level 8. HP: 61/61 MP: 8/8
  3811 | D:6      | Reached skill level 5 in Fighting
  3861 | D:6      | Noticed a cyan ugly thing
  3879 | D:6      | HP: 2/93 [cyan ugly thing (11)]
  3883 | D:6      | Killed a cyan ugly thing
  3883 | D:6      | Reached skill level 2 in Staves
  3883 | D:6      | Reached skill level 1 in Stealth
  4237 | D:6      | Reached skill level 3 in Staves
  4544 | D:6      | Gained mutation: A weak demonic guardian rushes to your
                  | aid. [demonic ancestry]
  4544 | D:6      | Reached XP level 9. HP: 63/68 MP: 7/9
  4820 | D:7      | Reached skill level 4 in Staves
  4820 | D:7      | Reached skill level 5 in Armour
  5337 | D:7      | Reached **** piety under Trog
  5451 | D:7      | Found Kyddavef's Weapon Emporium.
  5602 | D:8      | Found a shattered altar of Ashenzari.
  5621 | D:8      | Received a gift from Trog
  5821 | D:8      | Reached skill level 5 in Staves
  5827 | D:8      | Found a glowing golden altar of the Shining One.
  6460 | D:9      | Reached skill level 6 in Staves
  6530 | D:9      | Reached skill level 7 in Staves
  6639 | D:9      | Found a runed translucent gate.
  6639 | D:9      | Found a runed translucent gate.
  6639 | D:9      | Noticed dvd2's ghost (novice DgEn)
  6640 | D:9      | Found a runed translucent gate.
  6640 | D:9      | Noticed a kobold demonologist
  6640 | D:9      | Noticed a kobold demonologist
  7026 | D:9      | Reached XP level 10. HP: 76/76 MP: 10/10
  7109 | D:9      | Reached skill level 1 in Throwing
  7257 | D:9      | Found a staircase to the Lair.
  7684 | D:9      | Killed dvd2's ghost
  7684 | D:9      | Reached skill level 8 in Staves
  7843 | D:10     | Entered Level 10 of the Dungeon
  7926 | D:10     | Noticed a two-headed ogre
  7943 | D:10     | Killed a two-headed ogre
  8003 | D:10     | Noticed a gargoyle
  8008 | D:10     | Received a gift from Trog
  8027 | D:10     | Killed a gargoyle
  8143 | D:10     | Noticed a gargoyle
  8154 | D:10     | Killed a gargoyle
  8270 | D:10     | Reached skill level 9 in Staves
  8282 | D:10     | Gained mutation: You regenerate magic rapidly. [demonic
                  | ancestry]
  8282 | D:10     | Reached XP level 11. HP: 73/84 MP: 8/11
  8362 | D:10     | Reached ***** piety under Trog
  8585 | D:11     | Noticed Fannar
  8621 | D:11     | Received a gift from Trog
  8641 | D:11     | Killed Fannar
  8745 | D:11     | Found a frozen archway.
  8779 | IceCv    | Entered an ice cave
  9179 | IceCv    | Reached skill level 1 in Maces & Flails
  9411 | IceCv    | Reached skill level 5 in Dodging
  9465 | IceCv    | Reached skill level 1 in Evocations
  9467 | IceCv    | Mangled by an ice devil

Levels and vault maps discovered:
D:1:      dpeg_arrival_castle, layout_loops_ring, minmay_tromino_v2
D:2:      layout_basic, nicolae_ru_path_of_blood, uniq_sigmund
D:3:      layout_basic
D:4:      layout_loops_ring, lemuel_coloured_pillars_altar, first_ration,
          corexii_item_surrounded_by_moat
D:5:      layout_basic, minmay_temple_entry_statues_pillars,
          kennysheep_generic_room_12, uniq_crazy_yiuf_cottage, uniq_pikel
D:6:      layout_rooms
D:7:      layout_basic, serial_shops, shop
D:8:      layout_rooms, basic_altar, tso_metal_star
D:9:      layout_basic, erik_lair_orcish_takeover, gammafunk_ghost_nasty_kobolds
D:10:     layout_cave_pools
D:11:     layout_basic, portal_ice_cave_entry_pillars_1, the_bakery, uniq_fannar
Temple:   compressed_dpeg_circular_temple
IceCv:    ice_cave_small_demon

Skill      XL: |  1  2  3  4  5  6  7  8  9 10 11 |
---------------+----------------------------------+-----
Long Blades    | 3 |  3.8
Dodging        | 2 3 4 5 |  5.0
Polearms       | 1 3 5 |  5.6
Armour         | 2 3 4 5 6 7 |  7.4
Fighting       | 4 5 6 7 |  7.7
Short Blades   | 1 |  1.4
Staves         | 3 7 9 |  9.7
Stealth        | 1 3 |  3.5
Throwing       | 2 |  2.7
Maces & Flails | 1 |  1.8
Evocations     | 1 |  1.5
Shields        | |  0.1

Action                   |  1- 3 |  4- 6 |  7- 9 | 10-12 || total
-------------------------+-------+-------+-------+-------++-------
Melee: Dagger            |    40 |       |       |       ||    40
       Falchion          |    11 |       |       |       ||    11
       Spear             |    25 |    47 |   105 |       ||   177
       Quarterstaff      |       |       |   266 |   264 ||   530
       Headbutt          |       |       |    58 |    76 ||   134
       Mace              |       |       |       |    90 ||    90
Throw: Dart              |       |       |     6 |    21 ||    27
Invok: Berserk           |     1 |     1 |     2 |     8 ||    12
       Trog's Hand       |       |       |     1 |     8 ||     9
       Brothers in Arms  |       |       |       |     4 ||     4
Evoke: Wand              |       |       |     1 |    10 ||    11
  Use: Scroll            |     4 |       |     7 |    11 ||    22
       Potion            |       |       |     1 |     6 ||     7
 Stab: Paralysed         |       |       |     4 |     5 ||     9
       Distracted        |       |       |       |     2 ||     2
       Confused          |       |       |       |     1 ||     1
  Eat: Chunk             |     2 |     2 |    16 |    12 ||    32
       Ration            |       |       |     1 |     3 ||     4
Armor: Animal skin       |     3 |       |       |       ||     3
       Ring mail         |    18 |     9 |     4 |       ||    31
       Chain mail        |       |       |   192 |   175 ||   367
Dodge: Dodged            |    65 |    32 |   223 |   197 ||   517
Block: Buckler           |       |       |       |    14 ||    14
       Rpst.: Falchion   |     4 |       |       |       ||     4
